Get step-by-step instructions on how to execute this build order below. Start the game timer, and the build order will tick by so you can play in parallel with StarCraft on a second screen or mobile device.

Game Time

  0:00

Last Step

  N/A

Next Step

Upcoming Step



Don't want to look back and forth between 2 screens? Try out our Overwolf App, the Spawning Tool Build Advisor to get an in-game overlay with this build!

Complete Build Order

  12  0:00  Probe  
  13  0:13  Pylon  
  13  0:17  Probe (Chrono Boost)  
  14  0:27  Probe (Chrono Boost)  
  15  0:32  Probe (Chrono Boost)  
  16  0:39  Gateway  
  16  0:44  Probe  
  16  0:47  Assimilator  
  17  0:56  Probe  
  18  1:08  Probe  
  19  1:20  Probe  
  20  1:28  Nexus  
  20  1:36  Cybernetics Core  
  21  1:40  Probe  
  21  1:45  Assimilator  
  21  1:52  Probe  
  22  1:54  Pylon  
  22  2:04  Probe  
  23  2:10  Adept (Chrono Boost)  
  25  2:16  Probe  
  25  2:18  Stargate  
  26  2:28  Probe (Chrono Boost)  
  27  2:33  Adept  
  29  2:39  Warp Gate  
  29  2:40  Probe (Chrono Boost)  
  31  2:46  Probe (Chrono Boost)  
  31  2:49  Probe (Chrono Boost)  
  32  2:53  Probe (Chrono Boost)  
  32  2:54  Probe (Chrono Boost)  
  34  3:01  Phoenix (Chrono Boost)  
  34  3:03  Zealot  
  34  3:04  Probe  
  39  3:06  Probe  
  39  3:08  Pylon  
  40  3:16  Probe  
  40  3:18  Probe  
  40  3:19  Gateway  
  42  3:22  Oracle (Chrono Boost)  
  45  3:28  Probe  
  45  3:30  Probe  
  47  3:41  Probe  
  48  3:42  Probe, Pylon  
  49  3:49  Oracle (Chrono Boost)  
  49  3:53  Probe  
  49  3:54  Probe  
  54  4:00  Nexus  
  54  4:05  Probe  
  54  4:06  Probe  
  56  4:17  Pylon, Probe  
  56  4:18  Assimilator  
  56  4:20  Assimilator  
  56  4:21  Oracle  
  56  4:23  Probe  
  61  4:29  Probe  
  62  4:35  Probe  
  62  4:37  Twilight Council  
  62  4:38  Forge  
  63  4:40  Shield Battery  
  63  4:41  Probe  
  63  4:42  Pylon  
  64  4:47  Probe  
  65  4:54  Probe  
  65  4:55  Adept  
  68  5:00  Probe  
  68  5:01  Charge  
  68  5:06  Probe  
  70  5:10  Gateway  
  70  5:11  Protoss Ground Weapons Level 1 (Chrono Boost)  
  70  5:12  Probe  
  70  5:13  Gateway x2  
  71  5:14  Gateway  
  71  5:15  Probe  
  71  5:19  Probe  
  72  5:24  Probe  
  72  5:27  Probe  
  74  5:29  Adept  
  74  5:31  Adept, Probe  
  73  5:36  Probe  
  73  5:41  Probe  
  75  5:43  Probe  
  75  5:48  Assimilator x2, Probe  
  77  5:52  Templar Archives  
  77  5:53  Probe  
  77  5:55  Zealot x2, Probe  
  77  5:56  Pylon  
  83  6:00  Probe  
  84  6:05  Probe  
  84  6:07  Probe  
  84  6:11  Zealot x3  
  88  6:15  Pylon  
  88  6:16  Zealot x2, Pylon  
  88  6:18  Zealot  
  98  6:23  Probe  
  97  6:28  Robotics Facility, Probe  
  97  6:30  Robotics Facility  
  97  6:39  Zealot x5  
  107  6:41  Zealot  
  107  6:44  Probe  
  107  6:45  Probe  
  107  6:46  Pylon  
  110  6:55  Pylon  
  110  7:04  Nexus  
  110  7:07  Pylon  
  108  7:08  Probe  
  108  7:12  High Templar x6  
  108  7:13  Pylon  
  108  7:15  Immortal (Chrono Boost)  
  121  7:16  Archon x3  
  121  7:18  Immortal (Chrono Boost)  
  129  7:24  Protoss Ground Weapons Level 2 (Chrono Boost)  
  129  7:30  Gateway  
  129  7:32  Probe  
  129  7:33  Gateway  
  130  7:44  Gateway, Warp Prism (Chrono Boost)  
  130  7:45  Gateway  
  130  7:50  Observer (Chrono Boost)  
  130  7:51  High Templar x2, Zealot x2  
  137  7:55  Photon Cannon  
  137  7:58  High Templar  
  143  7:59  High Templar, Archon  
  146  8:05  Probe x2  
  146  8:09  Assimilator  
  146  8:11  Assimilator, Pylon  
  146  8:12  Pylon  
  147  8:13  Archon  
  147  8:14  Pylon  
  147  8:24  Zealot x5  
  147  8:25  Probe  
  147  8:26  Probe  
  143  8:35  Zealot x3  
  143  8:40  Probe  
  131  8:46  Immortal x2 (Chrono Boost)  
  119  8:52  Zealot  
  119  8:53  Zealot x2  
  119  8:54  High Templar x2  
  125  8:56  High Templar  
  125  8:59  High Templar, Archon  
  125  9:00  Zealot  
  127  9:08  Archon  
  127  9:13  Probe  
  127  9:15  Shield Battery  
  127  9:16  Zealot  
  130  9:22  Immortal (Chrono Boost)  
  134  9:24  High Templar x4  
  134  9:25  Immortal (Chrono Boost)  
  134  9:29  Archon, Photon Cannon  
  134  9:30  Archon  
  146  9:31  Photon Cannon  
  146  9:32  Pylon  
  146  9:34  Shield Battery  
  146  9:37  Shield Battery  
  144  9:39  Zealot x3  
  144  9:41  High Templar x2  
  154  9:51  Zealot, Archon  
  154  9:55  Probe x2  
  154  9:56  Immortal  
  160  10:00  Zealot x3  
  160  10:05  High Templar x2  
  170  10:10  Shield Battery  
  170  10:12  Archon, Shield Battery  
  170  10:15  Shield Battery  
  170  10:16  Shield Battery  
  170  10:18  Zealot  
  170  10:25  Zealot x3  
  153  10:34  Zealot x4